 Dungeon Crawl Stone Soup version 0.31-a0-702-gf82c85558f (webtiles) character file.

Game seed: 451327736005146473

128 Newt the Shooter (level 5, -3/35 HPs)
             Began as a Kobold Hunter on Sept 8, 2023.
             Was a Follower of Vehumet.
             Slain by a sleepcap (5 damage)
             ... on level 3 of the Dungeon.
             The game lasted 00:01:36 (1854 turns).

Newt the Shooter (Kobold Hunter)                    Turns: 1854, Time: 00:01:37

Health: -3/35      AC:  4    Str:  8    XL:     5   Next: 33%
Magic:  5/5        EV: 14    Int: 11    God:    Vehumet [*.....]
Gold:   95         SH:  0    Dex: 20    Spells: 4/4 levels left

rFire   . . .        a - +0 shortbow
rCold   . . .        (shield currently unavailable)
rNeg    . . .        c - +0 leather armour
rPois   .            e - +0 helmet
rElec   .            (no cloak)
rCorr   .            (no gloves)
SInv    .            (no boots)
Will    .....        (no amulet)
Stlth   +++          (no ring)
HPRegen 0.25/turn    (no ring)
MPRegen 0.09/turn

%: no passive effects
@: no status effects
A: small, no large weapons, nightstalker 3
a: Renounce Religion


You were on level 3 of the Dungeon.
You worshipped Vehumet.
Vehumet was aware of your devotion.
You visited 1 branch of the dungeon, and saw 3 of its levels.

You collected 95 gold pieces.

Inventory:

Hand Weapons
 a - a +0 shortbow (weapon)
Armour
 c - a +0 leather armour (worn)
 e - a +0 helmet (worn)
Jewellery
 d - an amulet of regeneration
 i - an amulet of faith
Scrolls
 b - a scroll of butterflies
 f - a scroll of fear {unknown}
 l - a scroll of identify
 m - a scroll of amnesia {unknown}
Potions
 g - 3 potions of might
 h - a potion of cancellation {unknown}
 j - a potion of brilliance {unknown}
 k - a potion of lignification {unknown}


   Skills:
 - Level 5.0 Fighting
 + Level 6.2 Ranged Weapons
 - Level 2.4 Dodging
 - Level 1.3 Stealth


You had 4 spell levels left.
You didn't know any spells.
Your spell library contained the following spells:

 Spells                   Type           Power      Damage    Failure   Level
 Kiss of Death            Conj/Necr      0%         2d5       45%         1
 Frozen Ramparts          Ice            0%         1d1       83%         3
 Petrify                  Tmut/Erth      0%         N/A       99%         4
 Metabolic Englaciation   Hex/Ice        0%         N/A       100%        5


Dungeon Overview and Level Annotations

Branches:
Dungeon (3/15)

Altars:
Vehumet


Innate Abilities, Weirdness & Mutations

You are small and have problems with some larger weapons.
You are completely attuned to the shadows.


Message History

The sleepcap barely misses you.
You shoot an arrow.
The arrow completely misses the sleepcap.
The sleepcap barely misses you.
A sleepcap is nearby!
A sleepcap is nearby!
You shoot an arrow.
The arrow hits the sleepcap but does no damage.
The sleepcap is moderately damaged.
The sleepcap releases spores at you.
You shoot an arrow.
The arrow hits the sleepcap but does no damage.
The sleepcap is moderately damaged.
The sleepcap releases spores at you.
You shoot an arrow. The arrow hits the sleepcap!
The sleepcap is heavily damaged.
The sleepcap barely misses you.
You shoot an arrow. The arrow hits the sleepcap.
The sleepcap is heavily damaged.
The sleepcap barely misses you.
You shoot an arrow. The arrow hits the sleepcap.
The sleepcap is severely damaged.
The sleepcap releases spores at you.
The sleepcap releases spores at you but does no damage.
You shoot an arrow.
The arrow hits the sleepcap but does no damage.
The sleepcap is severely damaged.
The sleepcap releases spores at you.
You are engulfed in a cloud of soporific spores!
You fall asleep.
The sleepcap releases spores at you!
You wake up.
* * * LOW HITPOINT WARNING * * *
You are engulfed in a cloud of soporific spores!
You are unaffected.
Unknown command.
Unknown command.
You shoot an arrow. The arrow hits the sleepcap.
The sleepcap is severely damaged.
The sleepcap releases spores at you.
You die...

...## ....
#..# #..#
####<.###
...).....
####†....
######.....
#.@........
...f####.....
.#.. ##[...
.... .#.#
.##. .#.#


You could see a sleepcap.

Vanquished Creatures
  A hound (D:3)
  Robin (D:2)
  A gnoll (D:3)
  2 worms (D:2)
  4 dart slugs
  5 ball pythons
  4 endoplasms
  2 giant cockroaches
  9 goblins
  8 hobgoblins
  4 jackals (D:2)
  A quokka (D:2)
  3 bats (D:1)
  6 frilled lizards
  3 kobolds
  9 rats
63 creatures vanquished.

Notes
Turn   | Place    | Note
-------+----------+-------------------------------------------
     0 | D:1      | Newt the Kobold Hunter began the quest for the Orb.
     0 | D:1      | Reached XP level 1. HP: 12/12 MP: 1/1
    43 | D:1      | Reached XP level 2. HP: 18/18 MP: 2/2
   189 | D:1      | Reached XP level 3. HP: 23/23 MP: 3/3
   976 | D:2      | Noticed Robin
   979 | D:2      | Killed Robin
   980 | D:2      | Reached XP level 4. HP: 30/30 MP: 4/4
  1188 | D:2      | Found a faded altar of an unknown god.
  1324 | D:2      | Prayed at the altar of an unknown god.
  1324 | D:2      | Became a worshipper of Vehumet
  1324 | D:2      | Reached * piety under Vehumet
  1324 | D:2      | Offered knowledge of Kiss of Death by Vehumet.
  1504 | D:2      | Reached skill level 5 in Fighting
  1807 | D:3      | Reached skill level 6 in Ranged Weapons
  1807 | D:3      | Reached XP level 5. HP: 35/35 MP: 5/5
  1854 | D:3      | Slain by a sleepcap

Illustrated notes

Levels and vault maps discovered:
D:1:      scummos_arrival_forest, layout_basic, chequers_serial_rivers_small_b,
          minmay_misc_feat_plants
D:2:      layout_loops_ring, shapermc_ecumenical_altar_pompeii, uniq_robin
D:3:      layout_loops_ring, nicolae_ashenzari_panopticon,
          nicolae_ru_awakened_eye, gammafunk_temple_overflow_statue,
          serial_rivers, chequers_serial_rivers_small_a,
          chequers_serial_rivers_micro_e, chequers_serial_rivers_micro_a,
          chequers_serial_rivers_small_a, chequers_serial_rivers_marsh

Skill      XL: |  1  2  3  4 |
---------------+-------------+-----
Fighting       | 3 4 5 |  5.0
Ranged Weapons | 6 |  6.2
Dodging        | |  2.4
Stealth        | |  1.3

Action                     |  1- 3 |  4- 6 || total
---------------------------+-------+-------++-------
   Fire: Shortbow          |    73 |    75 ||   148
    Use: Scroll            |     3 |       ||     3
 Armour: Leather armour    |     4 |    20 ||    24
  Dodge: Dodged            |     9 |    28 ||    37

Table legend: (Time is in decaauts)
 A = Elapsed time spent in this place.
 B = Non-inter-level travel time spent in this place.
 C = Inter-level travel time spent in this place.
 D = Time resting spent in this place.
 E = Time spent auto-exploring this place.
 F = Levels seen in this place.
 G = Mean time per level.
                   A        B        C        D        E       F      G
               +--------+--------+--------+--------+--------+-----+--------+
         Total |   1881 |   1799 |     82 |      0 |   1521 |   3 |  627.0 |
       Dungeon |   1881 |   1799 |     82 |      0 |   1521 |   3 |  627.0 |
               +--------+--------+--------+--------+--------+-----+--------+

Top non-repeatable levels by time:
     D:1: 959 daAuts
     D:2: 864 daAuts
     D:3: 57 daAuts
